Map: Dusty Gorge

Players

ILIEKEGGPIE - Winner!

  • Race: Protoss Protoss
  • League: Platinum
  • Spawn Location: 5:00

BizMac - Winner!

  • Race: Terran Terran
  • League: Platinum
  • Spawn Location: 3:00

Woowabono

  • Race: Terran Terran
  • League: Platinum
  • Spawn Location: 9:00

kanuvas

  • Race: Zerg Zerg
  • League: Diamond
  • Spawn Location: 11:00

VOD

Have the link to the VOD?

Description

Time

  • Played on: April 27, 2018, 6:22 p.m.
  • Length: 13:47
Show
View Real Time Build Order
Export as new Build Order

ILIEKEGGPIE Protoss - Winner!

Build Orders:  

Get SALT Encoding   

  12  0:01  Probe  
  13  0:13  Probe  
  14  0:20  Pylon  
  14  0:25  Probe  
  15  0:38  Probe  
  16  0:44  Gateway  
  16  0:50  Assimilator, Probe  
  17  1:01  Pylon  
  17  1:02  Probe  
  18  1:13  Probe  
  19  1:21  Probe  
  20  1:29  Probe  
  20  1:31  Gateway  
  20  1:37  Cybernetics Core  
  21  1:41  Probe  
  22  1:52  Assimilator  
  22  1:57  Probe  
  23  2:06  Stalker  
  23  2:09  Stalker, Probe  
  26  2:19  Warp Gate  
  28  2:35  Pylon  
  28  2:36  Stalker, Pylon  
  30  2:54  Stalker, Shield Battery  
  30  2:56  Shield Battery  
  32  3:16  Stalker x2  
  36  4:28  Gateway  
  36  4:46  Stargate  
  36  5:07  Zealot  
  36  5:10  Pylon x2  
  36  5:14  Pylon  
  38  5:28  Probe  
  38  5:35  Zealot  
  38  5:40  Probe  
  22  5:57  Oracle  
  22  6:00  Zealot  
  25  6:11  Probe  
  23  6:19  Probe  
  23  6:29  Probe  
  20  6:35  Sentry x2  
  23  6:41  Probe  
  24  6:53  Probe  
  25  7:05  Probe  
  26  7:14  Probe  
  26  7:22  Probe  
  27  7:24  Void Ray  
  25  7:32  Probe  
  25  7:36  Robotics Facility  
  30  7:39  Gateway  
  30  7:44  Probe  
  24  9:10  Probe  
  25  9:20  Probe  
  26  9:28  Probe  
  26  9:36  Probe  
  27  9:44  Probe  
  29  9:54  Probe  
  29  9:57  Robotics Bay  
  30  10:06  Probe  
  31  10:19  Probe  
  31  10:20  Zealot x2  
  36  10:31  Probe  
  36  10:43  Probe  
  37  10:53  Pylon  
  37  11:05  Pylon  
  37  11:06  Probe  
  38  11:18  Probe  
  38  11:27  Sentry x3  
  44  11:56  Stalker x3  
  44  11:57  Stalker  
  52  12:08  Shield Battery  
  52  12:57  Probe  
  52  13:05  Probe  
  48  13:29  Probe  
  47  13:36  Pylon  
  47  13:37  Pylon  
Show
View Real Time Build Order
Export as new Build Order

BizMac Terran - Winner!

Build Orders: MMM Bio 

Get SALT Encoding   

  12  0:02  SCV  
  13  0:14  SCV  
  14  0:24  Supply Depot  
  14  0:29  SCV  
  14  0:35  Refinery  
  15  0:46  SCV  
  15  0:48  Barracks  
  16  0:58  SCV  
  17  1:09  Barracks  
  17  1:10  SCV  
  18  1:19  Supply Depot  
  18  1:22  SCV  
  19  1:36  Reaper  
  20  1:44  Orbital Command  
  20  1:56  Reaper  
  21  2:01  Barracks  
  21  2:09  Reaper  
  22  2:24  SCV  
  22  2:26  Supply Depot  
  22  2:28  Reaper  
  24  2:54  Reaper x2  
  26  3:20  Reaper  
  27  3:31  Reaper  
  27  3:50  Reaper  
  27  4:27  Reaper x2  
  24  5:04  Reaper x2  
  26  5:23  Barracks Tech Lab  
  26  5:29  Refinery  
  26  6:03  Marauder  
  28  6:06  Barracks Reactor  
  28  6:08  Barracks Tech Lab  
  28  6:22  Command Center  
  28  6:23  SCV  
  28  6:24  Marauder  
  31  6:33  Engineering Bay  
  31  6:34  Supply Depot  
  31  6:35  SCV  
  32  6:41  Factory  
  32  6:46  Marauder  
  34  6:58  Stimpack, Combat Shields  
  34  7:04  Marauder  
  36  7:21  Marauder  
  36  7:22  Marine x2  
  40  7:25  Marauder  
  41  7:40  Marine x2  
  41  7:42  Marauder  
  45  7:45  Starport  
  45  7:47  Marauder  
  45  7:50  Terran Infantry Weapons Level 1  
  47  7:53  Engineering Bay  
  47  7:57  Orbital Command, Marine  
  47  7:58  Supply Depot, Marine  
  49  8:07  Barracks  
  51  8:13  Marauder  
  51  8:14  Marauder  
  51  8:15  Marine x2  
  51  8:18  Concussive Shells  
  55  8:33  Marine x2  
  59  8:34  Marauder  
  59  8:35  Marauder  
  61  8:51  Marine  
  60  9:26  Marauder x2, Marine x2  
  60  9:30  Barracks Reactor  
  66  9:44  Marine x2  
  68  9:48  Starport Reactor, Marauder  
  68  9:51  Supply Depot  
  68  9:52  Terran Infantry Armor Level 1  
  70  9:55  Armory  
  70  10:01  Refinery  
  70  10:10  Marine, SCV  
  70  10:12  Marine  
  69  10:22  SCV  
  69  10:27  Marine x3  
  69  10:28  Marauder, Marine  
  75  10:29  Marine  
  77  10:45  Marine  
  78  10:54  Marine  
  77  11:04  Medivac  
  77  11:05  Medivac  
  72  11:15  Marauder x2, Marine  
  72  11:16  Marine x3  
  76  11:33  Marine  
  76  11:34  SCV  
  76  11:36  Refinery  
  78  11:41  Marine  
  78  11:42  Medivac, Marine  
  78  11:43  Marauder  
  78  11:44  Marauder  
  78  11:45  Medivac  
  78  12:03  Factory Tech Lab  
  78  12:27  Medivac x2, Supply Depot, SCV  
  83  12:30  Supply Depot  
  83  12:39  SCV  
  82  12:51  SCV  
  81  13:02  Marauder x2, Marine x4  
  74  13:20  Marine x4  
  74  13:23  Marauder x2  
Show
View Real Time Build Order
Export as new Build Order

Woowabono Terran 

Build Orders:  

Get SALT Encoding   

  12  0:01  SCV  
  13  0:13  SCV  
  14  0:24  Supply Depot  
  14  0:30  SCV  
  15  0:39  Refinery  
  15  0:45  SCV  
  15  0:47  Barracks  
  16  0:58  SCV  
  17  1:10  SCV  
  18  1:13  Barracks  
  18  1:22  SCV  
  19  1:47  Command Center  
  19  1:50  SCV  
  20  2:01  Barracks Tech Lab  
  20  2:02  Barracks Reactor  
  20  2:04  SCV  
  21  2:16  SCV  
  21  2:18  Barracks  
  22  2:30  Supply Depot  
  22  2:34  Marine  
  23  2:40  Marine  
  23  2:51  Marine  
  23  2:52  SCV  
  23  2:54  Marine  
  23  2:58  Marine  
  26  3:09  Marine  
  23  3:32  Marine x2  
  24  3:51  Marine x4  
  24  4:08  Marine  
  24  4:09  Marine x3  
  19  4:25  Bunker  
  19  4:26  Marine x2  
  19  4:27  Marine  
  20  4:38  SCV  
  20  4:41  Marine  
  13  5:18  SCV  
  12  5:33  Barracks  
  10  6:06  SCV  
  10  6:09  SCV  
  13  6:18  SCV  
  13  6:21  SCV  
  13  6:24  Barracks  
  14  6:30  SCV  
  15  6:33  SCV  
  16  6:41  Marine  
  16  6:42  SCV  
  16  6:45  SCV  
  19  6:50  Engineering Bay  
  19  6:54  SCV  
  19  6:57  SCV  
  19  6:59  Marine  
  21  7:07  SCV  
  21  7:16  Marine  
  21  7:22  Marine  
  22  7:24  SCV  
  22  7:26  SCV  
  25  7:32  Missile Turret  
  25  7:34  Marine  
  25  7:35  Missile Turret  
  26  7:38  SCV  
  26  7:40  Marine  
  28  7:52  Marine  
  29  8:06  Barracks  
  29  8:09  Barracks  
  29  8:10  Terran Infantry Weapons Level 1  
  29  8:12  Marine  
  30  8:15  Barracks, Barracks Tech Lab  
  30  8:37  Marine x2  
  32  8:54  Marine  
  32  8:55  Marine  
  21  9:12  Marine  
  21  9:13  Marine  
  21  9:30  Marine  
  19  9:55  Marine  
  19  9:57  Marine  
  20  10:14  Marine  
  20  10:15  Marine x3  
  24  10:23  Planetary Fortress  
  24  10:32  Marine  
  24  10:33  Marauder, Marine x2  
  24  11:14  Marine  
  24  11:22  SCV  
  25  11:29  Refinery  
  25  11:31  Marine x3  
  25  11:32  Refinery, Marine  
  21  12:02  Supply Depot  
  21  12:24  Marine x2  
  21  12:26  Supply Depot  
  23  12:32  Supply Depot  
  23  12:47  Marine x2  
  23  12:50  Marine x2  
  27  13:05  Marine x2  
  28  13:08  Marine x2  
  31  13:23  Marine x2  
  31  13:25  Marine  
  31  13:26  Marine  
Show
View Real Time Build Order
Export as new Build Order

kanuvas Zerg 

Build Orders: Hatch First 

Get SALT Encoding   

  12  0:01  Drone  
  13  0:13  Overlord  
  13  0:18  Drone  
  14  0:31  Drone x2  
  16  0:36  Drone  
  17  0:56  Hatchery  
  16  1:04  Drone x2  
  18  1:13  Drone  
  19  1:19  Spawning Pool  
  19  1:20  Extractor  
  19  1:25  Drone  
  18  1:29  Drone  
  19  1:40  Overlord  
  19  1:59  Overlord  
  19  2:07  Zergling x2  
  20  2:09  Queen  
  20  2:11  Queen  
  20  2:12  Zergling x4  
  26  2:27  Drone x2  
  28  2:41  Zergling x2  
  28  2:42  Metabolic Boost  
  28  2:55  Zergling x2  
  28  2:56  Zergling x8  
  33  3:18  Zergling x6  
  36  3:32  Drone x5  
  36  3:33  Drone, Zergling x4  
  39  3:55  Zergling x8  
  35  4:11  Roach Warren  
  34  4:18  Zergling x6  
  34  4:19  Zergling x10  
  40  4:35  Zergling x4  
  38  4:56  Spine Crawler  
  35  5:07  Roach x3  
  35  5:08  Roach  
  35  5:09  Overlord x2, Zergling x2  
  44  5:27  Lair  
  44  5:31  Roach, Drone  
  44  5:32  Roach x5  
  56  5:58  Roach x2  
  59  6:23  Overlord x3  
  59  6:24  Overlord x6  
  58  6:43  Spore Crawler  
  58  6:46  Spore Crawler  
  55  6:51  Hydralisk Den  
  53  6:56  Drone  
  53  6:57  Drone x4  
  55  7:18  Drone  
  55  7:19  Drone x3  
  57  7:45  Roach x5, Hydralisk x2  
  57  7:51  Muscular Augments  
  71  7:53  Extractor  
  64  8:35  Hydralisk x2  
  64  8:36  Hydralisk  
  64  8:39  Zergling x16  
  64  8:40  Zergling x2  
  77  8:43  Extractor  
  77  8:45  Extractor  
  69  8:59  Hatchery  
  68  9:08  Roach x2, Hydralisk  
  64  9:25  Baneling Nest  
  61  9:41  Hydralisk  
  61  9:42  Roach  
  60  10:15  Roach x3, Zergling x2  
  67  10:25  Drone  
  67  10:26  Drone x5  
  69  10:38  Queen  
  69  10:48  Drone  
  69  10:49  Drone  
  69  10:50  Drone x5  
  59  11:13  Roach x2  
  63  11:21  Zergling x8  
  63  11:22  Roach x4  
  75  11:29  Grooved Spines, Glial Reconstitution  
  75  11:38  Drone  
  75  11:39  Drone, Hydralisk x3  
  83  11:55  Drone x8  
  91  12:11  Zergling x10  
  96  12:16  Centrifical Hooks  
  96  12:26  Extractor  
  96  12:29  Hydralisk x7, Extractor  
  96  12:31  Roach, Zergling x4  
  96  12:32  Zergling x2  
  111  12:37  Baneling x3  
  111  12:40  Baneling  
  107  12:59  Baneling x4  
  107  13:00  Baneling x4  
  76  13:20  Hydralisk x4  
Tags
 
Add a new tag
Caveats
  • Supply blocks, unpowered buildings, or Contaminate may cause inaccurate times.
  • Supply counts are checked every 10 seconds.